 Dungeon Crawl Stone Soup version 0.18-a0-1624-g19ad93e (webtiles) character file.

160551 Ebgish the Destroyer (level 17, -8/104 HPs)
             Began as a Gargoyle Fire Elementalist on Mar 22, 2016.
             Was the Champion of Vehumet.
             Mangled by a slime creature (15 damage)
             ... on level 4 of the Swamp on Mar 24, 2016.
             The game lasted 22:31:48 (32513 turns).

Ebgish the Destroyer (Gargoyle Fire Elementalist)  Turns: 32513, Time: 22:31:49

Health: -8/104     AC: 29    Str: 11    XL:     17   Next: 47%
Magic:  21/33      EV: 21    Int: 29    God:    Vehumet [******]
Gold:   1899       SH:  0    Dex: 10    Spells: 10 memorised, 6 levels left

rFire  + + .     SeeInvis +     R - +3 Elemental Staff {rElec rF++ rC++ MR++ AC+5}
rCold  + + .     Gourm    .     N - +1 leather armour of Sin {Regen+ Str-2 Int+7}
rNeg   + . .     Faith    .     (no shield)
rPois  ∞         Spirit   .     i - +0 helmet
rElec  +         Dismiss  .     j - +0 cloak
rCorr  .         Reflect  .     (no gloves)
SustAt .         Harm     .     T - +2 pair of boots {Fly}
MR     +++..                    Y - amulet of magic regeneration
Stlth  ++........               M - ring of see invisible
                                v - +6 ring of evasion

@: flying, studying Summonings, extremely resistant to hostile enchantments,
unstealthy
A: big wings, negative energy resistance 1, electricity resistance, unbreathing,
petrification resistance, rot immunity, AC +12
a: Stop Flying, Renounce Religion
}: 1/15 runes: decaying


You were on level 4 of the Swamp.
You worshipped Vehumet.
Vehumet was exalted by your worship.
You were hungry.

You visited 5 branches of the dungeon, and saw 30 of its levels.

You collected 3216 gold pieces.
You spent 1317 gold pieces at shops.

Inventory:

Hand Weapons
 R - the +3 Elemental Staff (weapon) {rElec rF++ rC++ MR++ AC+5}
   (You acquired it on level 11 of the Dungeon)

   It affects your AC (+5).
   It greatly protects you from fire.
   It greatly protects you from cold.
   It insulates you from electricity.
   It affects your resistance to hostile enchantments.
Armour
 i - a +0 helmet (worn)
 j - a +0 cloak (worn)
 k - a +2 robe of cold resistance
 F - a +1 leather armour of fire resistance
 N - the +1 leather armour of Sin (worn) {Regen+ Str-2 Int+7}
   (You found it on level 4 of the Lair of Beasts)

   It affects your strength (-2).
   It affects your intelligence (+7).
   It increases your rate of regeneration.
 T - a +2 pair of boots of flying (worn)
Jewellery
 v - a +6 ring of evasion (left hand)
 M - a ring of see invisible (right hand)
 U - an uncursed ring of positive energy
 Y - an amulet of magic regeneration (around neck)
Wands
 b - a wand of iceblast (3/15)
 h - a wand of digging (4/24)
 s - a wand of confusion (31/48)
 u - a wand of flame (23/48)
 x - a wand of disintegration (3/24)
 y - a wand of lightning (8/15)
 H - a wand of lightning (7/15)
 K - a wand of iceblast (9/15)
 P - a wand of acid (4/15)
 Z - a wand of heal wounds (1/9)
Scrolls
 a - a scroll of summoning
 e - 10 scrolls of identify
 g - 3 scrolls of fog
 n - a scroll of silence
 o - 4 scrolls of recharging
 q - 9 scrolls of remove curse
 t - a scroll of amnesia
 z - a scroll of enchant weapon
 A - 7 scrolls of magic mapping
 G - 2 scrolls of enchant armour
 I - 6 scrolls of teleportation
 W - 2 scrolls of fear
Potions
 f - 8 potions of curing
 p - 4 potions of haste
 B - 4 potions of brilliance
 E - 3 potions of cure mutation
 L - 4 potions of invisibility
 O - 2 potions of resistance
 S - a potion of cancellation
Books
 w - a book of Ice

   Spells                             Type                      Level
   a - Ice Form                       Ice/Transmutation            4
   b - Metabolic Englaciation         Hexes/Ice                    5
   c - Ozocubu's Refrigeration        Ice                          6
   d - Bolt of Cold                   Conjuration/Ice              6
   e - Freezing Cloud                 Conjuration/Ice/Air          6
   f - Simulacrum                     Ice/Necromancy               6
 J - a manual of Summonings
Miscellaneous
 d - a crystal ball of energy
 C - 2 phantom mirrors
Comestibles
 c - 13 bread rations
 l - a royal jelly
 m - 21 meat rations
 r - 5 fruits


   Skills:
 * Level 10.8 Fighting
 * Level 7.8 Staves
 * Level 11.0 Armour
 + Level 9.0 Dodging
 - Level 4.0 Stealth
 * Level 12.0 Spellcasting
 * Level 12.7 Conjurations
 * Level 2.9 Charms
 * Level 6.0 Summonings
 * Level 3.8 Translocations
 * Level 11.6 Fire Magic
 * Level 10.1 Earth Magic
 * Level 8.0 Evocations


You had 6 spell levels left.
You knew the following spells:

 Your Spells              Type           Power        Failure   Level  Hunger
a - Flame Tongue          Conj/Fire      #####        1%          1    None
b - Sticky Flame          Conj/Fire      ######..     1%          4    None
c - Searing Ray           Conj           ######       1%          2    None
d - Ignite Poison         Fire/Trmt/Pois #####...     1%          3    None
e - Mephitic Cloud        Conj/Pois/Air  #####...     1%          3    None
f - Bolt of Magma         Conj/Fire/Erth ######....   1%          5    ##.....
g - Irradiate             Conj/Trmt      ######....   2%          5    ##.....
h - Delayed Fireball      Conj/Fire      N/A          7%          7    ######.
i - Blink                 Tloc           N/A          1%          2    None
j - Repel Missiles        Chrm/Air       ####..       3%          2    None


Dungeon Overview and Level Annotations

Branches:
Dungeon (15/15)            Temple (1/1) D:5            Lair (8/8) D:11
  Swamp (4/4) Lair:4       Spider (0/4) Lair:6        Slime (0/6) Lair:7
    Orc (2/2) D:11            Elf (0/3) Orc:2        Vaults (0/5) D:14
 Depths (0/5) D:15

Altars:
Ashenzari
Cheibriados
Elyvilon
Fedhas
Kikubaaqudgha
Makhleb
Nemelex Xobeh
Qazlal
Ru
Trog
Vehumet
Xom
Yredelemnul
The Shining One
Jiyva

Shops:
D:8 (?}*(   D:11 (   D:15 [(   Orc:2 ?%*[}

Portals:
Pandemonium: Orc:2

Annotations:
D:2 Sigmund
D:8 exclusion: ice statue
Lair:4 Rupert
Lair:7 1 runed door
Swamp:2 exclusion: Roxanne, Roxanne; namelastname112's ghost, journeyman FeMo


Innate Abilities, Weirdness & Mutations

You are resistant to torment.
Your stone body is resilient (AC +12).
You are immune to poison.
Your large and strong wings let you fly indefinitely.
You resist negative energy.
You are resistant to electric shocks.
You can survive without breathing.
You are immune to petrification.
You are immune to rotting.


Message History

Confirm with . or Enter, or press ? or * to list all spells.
Aiming: Sticky Flame
Press: ? - help, Shift-Dir - straight line, f/p - slime creature
Aim: a slime creature The sticky flame hits the slime creature.
The slime creature is lightly wounded.
The slime creature is covered in liquid flames!
The slime creature burns!
The slime creature completely misses you.
The slime creature burns!
The slime creature burns!
You hit the slime creature.
The slime creature is moderately wounded.
The slime creature burns!
The slime creature misses you.
You sock the slime creature! You freeze the slime creature.
The slime creature is severely wounded.
The slime creature burns!
The slime creature hits you!
* * * LOW HITPOINT WARNING * * *
The slime creature hits you!
You die...

. ♣♣.≈≈..≈≈..≈≈≈.♣♣♣
≈♣♣≈.≈≈≈♣♣♣§≈≈≈≈§.♣≈♣♣
♣♣...≈≈≈≈♣ ♣.≈≈≈≈≈....♣
♣♣≈≈≈≈≈≈≈♣♣ ♣§≈≈≈≈≈.≈≈≈♣♣
♣≈≈≈≈≈≈...♣ ♣≈≈≈≈≈..≈≈≈≈♣
♣.≈≈≈≈≈≈≈♣♣♣♣..§≈≈...≈≈.♣
♣♣♣♣≈.§≈≈≈.≈≈≈♣≈≈≈≈≈.≈≈♣†≈♣♣
♣♣≈♣♣♣.≈≈≈≈.≈≈.J≈≈≈≈≈≈♣♣♣..♣
.≈≈♣♣♣.≈≈≈≈....J@≈≈≈<♣♣ ♣♣§♣
≈≈≈..♣.≈§..≈♣♣≈≈≈≈≈.♣♣ ♣♣♣
≈§≈≈.≈.≈..♣♣♣♣≈≈≈.≈♣♣
.≈≈≈.≈..≈≈.♣ ♣...♣♣♣
≈≈≈≈≈≈..≈≈♣♣ ♣♣♣♣♣
.≈≈≈.≈§≈≈.♣ ....≈≈≈≈≈≈♣
≈≈.≈≈≈≈≈.♣♣ .§.≈≈≈≈..♣


You could see 2 slime creatures.

Vanquished Creatures
  2 thorn hunters
  Donald (Swamp:4)
  Louise (Swamp:4)
  Maud (Lair:8)
  The ghost of iroha the Protected, a journeyman DsFi of Gozag (Swamp:2)
  Nessos (Lair:7)
  Snorg (D:13)
  4 vault guards (D:14)
  A rakshasa (D:14)
  16 hydras
  A ghost crab (Swamp:4)
  4 centaur warriors
  5 alligators
  4 ogre magi
  5 death yaks (Lair:8)
  10 orc high priests
  4 tengu warriors
  A shock serpent (shapeshifter) (D:14)
  A fire crab (Lair:6)
  A spriggan (Swamp:4)
  4 skeletal warriors (D:14)
  An unseen horror (D:14)
  6 swamp dragons
  A deep troll (D:15)
  2 putrid demonspawn (Orc:2)
  A gelid demonspawn (Orc:2)
  2 shambling mangroves
  A wizard (D:15)
  A torturous demonspawn (Orc:2)
  5 orc knights
  Pikel (D:7)
  8 hill giants
  20 slime creatures
  2 deep elf magi
  A hornet (Swamp:3)
  6 orc sorcerers
  A cyclops (D:11)
  A manticore (D:14)
  4 griffons
  3 centaur zombies
  4 black mambas
  A rust devil (Orc:2)
  33 spiny frogs
  Maurice (D:12)
  14 elephants
  A gargoyle (D:13)
  A kobold demonologist (D:13)
  A centaur skeleton (D:13)
  17 komodo dragons
  2 rime drakes (Lair:6)
  3 hellwings (Orc:2)
  3 jumping spiders (Lair:6)
  6 trolls
  Prince Ribbit (D:7)
  A hornet zombie (D:14)
  6 giant leeches
  19 blink frogs
  10 two-headed ogres
  7 bog bodies
  4 redbacks (Lair:6)
  A shadow (D:15)
  5 basilisks
  A wyvern (Lair:8)
  2 wraiths
  A vampire (D:11)
  46 yaks
  Grum (D:11)
  8 vampire mosquitoes
  3 hungry ghosts
  A neqoxec (Orc:2)
  10 insubstantial wisps
  20 swamp worms
  12 hippogriffs
  A soldier ant (D:14)
  Menkaure (D:6)
  3 wargs (D:11)
  13 water moccasins
  8 porcupines
  7 sky beasts
  5 wasps
  A slave (D:7)
  10 swamp drakes
  33 orc warriors
  6 eyes of draining
  4 black bears
  22 ogres
  22 wolves
  5 phantoms
  10 centaurs
  13 crocodiles
  Blork the orc (D:6)
  3 big kobolds
  36 giant frogs
  4 scorpions
  5 killer bees
  10 wights
  2 howler monkeys (D:11)
  3 vampire bats (Lair:1)
  5 electric eels
  7 crimson imps
  10 hounds
  A quasit (D:8)
  A giant frog zombie (D:10)
  5 jellies
  26 orc wizards
  Crazy Yiuf (D:7)
  28 orc priests
  2 giant frog skeletons
  4 gnoll shamans
  7 iguanas
  8 worker ants
  44 sheep
  A killer bee zombie (D:8)
  A hound zombie (D:8)
  4 hound skeletons
  2 worker ant zombies
  Robin (D:2)
  54 gnolls
  14 adders
  83 river rats
  9 shadow imps
  2 oozes
  5 worms
  6 dart slugs
  5 giant geckos
  92 orcs
  2 ball pythons
  9 bats
  6 giant cockroaches
  11 hobgoblins
  27 jackals
  17 kobolds
  6 quokkas
  A ball python skeleton (D:4)
  6 giant newts
  17 goblins
  A jackal zombie (D:7)
  7 rats
  A plant (Lair:8)
1149 creatures vanquished.

Vanquished Creatures (collateral kills)
  the Lernaean hydra (Swamp:4)
  A hydra (Swamp:4)
  2 swamp dragons (Swamp:4)
  A swamp drake (Swamp:4)
  A crimson imp (D:6)
6 creatures vanquished.

Vanquished Creatures (others)
  2 river rats (Lair:6)
  18 fungi
  13 plants
33 creatures vanquished.

Grand Total: 1188 creatures vanquished

Notes
Turn   | Place    | Note
--------------------------------------------------------------
     0 | D:1      | Ebgish the Gargoyle Fire Elementalist began the quest for the Orb.
     0 | D:1      | Reached XP level 1. HP: 10/10 MP: 3/3
   213 | D:1      | Reached XP level 2. HP: 16/16 MP: 1/5
   260 | D:1      | Learned a level 2 spell: Throw Flame
   875 | D:1      | Reached XP level 3. HP: 20/20 MP: 1/6
  1500 | D:2      | Noticed Sigmund
  1831 | D:2      | Found a sparkling altar of Nemelex Xobeh.
  1854 | D:2      | Noticed Robin
  1869 | D:2      | Reached skill level 1 in Fighting
  2054 | D:2      | Killed Robin
  2054 | D:2      | Reached XP level 4. HP: 22/25 MP: 2/8
  2615 | D:3      | Found a stormy altar of Qazlal.
  2725 | D:3      | Reached XP level 5. HP: 11/29 MP: 0/9
  3038 | D:3      | Noticed an ogre
  3085 | D:2      | Killed an ogre
  3169 | D:2      | Reached XP level 6. HP: 12/34 MP: 8/11
  3406 | D:3      | Learned a level 4 spell: Sticky Flame
  3461 | D:3      | Reached skill level 1 in Armour
  3803 | D:3      | Found a glowing golden altar of the Shining One.
  4100 | D:3      | Reached XP level 7. HP: 34/40 MP: 0/13
  4307 | D:3      | Found an ancient bone altar of Kikubaaqudgha.
  5045 | D:3      | Reached skill level 5 in Fire Magic
  5196 | D:3      | Reached XP level 8. HP: 37/45 MP: 2/15
  5876 | D:4      | Reached skill level 5 in Spellcasting
  6944 | D:4      | Found a sacrificial altar of Ru.
  6979 | D:5      | Entered Level 5 of the Dungeon
  7236 | D:5      | Found a staircase to the Ecumenical Temple.
  7241 | Temple   | Entered the Ecumenical Temple
  7252 | Temple   | Became a worshipper of Vehumet
  7441 | D:5      | Reached skill level 5 in Conjurations
  7577 | D:5      | Found a white marble altar of Elyvilon.
  7748 | D:6      | Reached XP level 9. HP: 52/52 MP: 9/17
  8054 | D:6      | Noticed Blork the orc
  8074 | D:6      | Killed Blork the orc
  8402 | D:6      | Reached * piety under Vehumet
  8402 | D:6      | Offered knowledge of Sting by Vehumet.
  8663 | D:6      | Noticed Menkaure
  8692 | D:6      | Killed Menkaure
  9071 | D:7      | Noticed Pikel
  9128 | D:7      | Noticed Prince Ribbit
  9145 | D:7      | Killed Prince Ribbit
  9145 | D:7      | Reached skill level 5 in Fighting
  9155 | D:7      | Killed Pikel
  9155 | D:7      | Reached XP level 10. HP: 41/59 MP: 11/20
  9272 | D:7      | Noticed Crazy Yiuf
  9276 | D:7      | Killed Crazy Yiuf
  9341 | D:7      | Gained mutation: Your movements are slightly less encumbered by armour (ER -2). [potion of mutation]
  9341 | D:7      | Gained mutation: You have sharp toenails. [potion of mutation]
  9341 | D:7      | Gained mutation: Your magical capacity is low (-10% MP). [potion of mutation]
  9497 | D:7      | Reached ** piety under Vehumet
  9691 | D:7      | Found a basalt altar of Yredelemnul.
  9815 | D:7      | Offered knowledge of Searing Ray by Vehumet.
  9819 | D:7      | Learned a level 2 spell: Searing Ray
  9830 | D:7      | Found a bloodstained altar of Trog.
  9841 | D:7      | Reached skill level 5 in Armour
 10277 | D:8      | Found a blossoming altar of Fedhas.
 10277 | D:8      | Found a snail-covered altar of Cheibriados.
 10302 | D:8      | Found Iwopseq's Magic Scroll Boutique.
 10357 | D:8      | Found Yjiesut's Gadget Boutique.
 10375 | D:8      | Lost mutation: Your magical capacity is low (-10% MP). [potion of cure mutation]
 10375 | D:8      | Lost mutation: Your movements are slightly less encumbered by armour (ER -2). [potion of cure mutation]
 10375 | D:8      | Lost mutation: You have sharp toenails. [potion of cure mutation]
 10452 | D:8      | Found Itaux's Antique Weapon Shop.
 10592 | D:8      | Found a shattered altar of Ashenzari.
 10592 | D:8      | Found a burning altar of Makhleb.
 10640 | D:8      | Found Etzoul's Antique Weapon Shop.
 10643 | D:8      | Bought an ichor-stained short sword for 208 gold pieces
 10643 | D:8      | Identified the cursed +0 short sword "Qepsant" {flame, rElec} (You bought it in a shop on level 8 of the Dungeon)
 10706 | D:8      | Found Mujow's Assorted Antiques.
 10711 | D:8      | Bought a moonstone ring for 160 gold pieces
 10756 | D:8      | Noticed an ice statue
 11126 | D:9      | Found a shimmering altar of Xom.
 11278 | D:9      | Offered knowledge of Ignite Poison by Vehumet.
 11314 | D:9      | Reached *** piety under Vehumet
 11319 | D:9      | Learned a level 3 spell: Ignite Poison
 11585 | D:9      | Offered knowledge of Mephitic Cloud by Vehumet.
 11717 | D:9      | Reached skill level 1 in Evocations
 11777 | D:9      | Got a heavy robe
 11876 | D:9      | Identified the +0 robe "Dareog" {Dex+3} (You found it on level 9 of the Dungeon)
 12265 | D:10     | Entered Level 10 of the Dungeon
 12291 | D:10     | Learned a level 3 spell: Mephitic Cloud
 12297 | D:10     | Learned a level 5 spell: Bolt of Magma
 12453 | D:10     | Reached XP level 11. HP: 61/66 MP: 13/22
 12498 | D:10     | Reached **** piety under Vehumet
 12507 | D:10     | Offered knowledge of Dazzling Spray by Vehumet.
 12755 | D:10     | Noticed a hill giant
 12774 | D:10     | Killed a hill giant
 13183 | D:11     | Noticed Grum
 13202 | D:11     | Killed Grum
 13257 | D:11     | Noticed a hill giant
 13292 | D:11     | Killed a hill giant
 13466 | D:11     | Noticed a hill giant
 13485 | D:11     | Killed a hill giant
 13485 | D:11     | Reached skill level 5 in Dodging
 13756 | D:11     | Found a staircase to the Orcish Mines.
 13803 | D:11     | Reached ***** piety under Vehumet
 13803 | D:11     | Offered knowledge of Ozocubu's Refrigeration by Vehumet.
 13809 | D:11     | Found Oqetweg's Antique Weapon Emporium.
 13814 | D:11     | Identified a scroll of acquirement
 13985 | D:11     | Reached skill level 1 in Staves
 14038 | D:11     | Found a staircase to the Lair.
 14274 | D:11     | Noticed a hill giant
 14282 | D:11     | Killed a hill giant
 14282 | D:11     | Reached skill level 1 in Earth Magic
 14282 | D:11     | Reached XP level 12. HP: 65/72 MP: 4/24
 14793 | D:12     | Noticed Maurice
 14800 | D:12     | Killed Maurice
 15195 | D:12     | Noticed a six-headed hydra
 15199 | D:12     | Killed a six-headed hydra
 15435 | Lair:1   | Entered Level 1 of the Lair of Beasts
 17188 | Lair:2   | Offered knowledge of Delayed Fireball by Vehumet.
 17210 | Lair:2   | Learned a level 7 spell: Delayed Fireball
 17672 | Lair:3   | Reached XP level 13. HP: 59/78 MP: 21/26
 18752 | Lair:4   | Reached skill level 5 in Earth Magic
 18777 | Lair:4   | Got a transparent leather armour
 18778 | Lair:4   | Identified the +1 leather armour of Sin {Regen+ Str-2 Int+7} (You found it on level 4 of the Lair of Beasts)
 18824 | Lair:4   | Noticed Rupert
 19069 | Lair:4   | Reached skill level 10 in Conjurations
 19373 | Lair:4   | Found a staircase to the Swamp.
 19647 | Lair:5   | Offered knowledge of Irradiate by Vehumet.
 19654 | Lair:5   | Learned a level 5 spell: Irradiate
 20678 | Lair:6   | Reached skill level 10 in Spellcasting
 20768 | Lair:6   | Reached skill level 5 in Evocations
 21130 | Lair:6   | Found a hole to the Spider Nest.
 21635 | Lair:7   | Reached skill level 10 in Fire Magic
 21645 | Lair:7   | Gained mutation: Your large and strong wings let you fly indefinitely. [Gargoyle growth]
 21645 | Lair:7   | Reached XP level 14. HP: 79/86 MP: 13/28
 21778 | Lair:7   | Noticed Nessos
 21964 | Lair:7   | Offered knowledge of Conjure Ball Lightning by Vehumet.
 22014 | Lair:7   | Found a runed door.
 22014 | Lair:7   | Found a viscous altar of Jiyva.
 22016 | Lair:7   | Found a staircase to the Slime Pits.
 22143 | Lair:7   | Killed Nessos
 22286 | Lair:7   | Reached skill level 5 in Staves
 22458 | Lair:8   | Entered Level 8 of the Lair of Beasts
 22731 | Lair:8   | Offered knowledge of Poisonous Cloud by Vehumet.
 23069 | Lair:8   | Upgraded the game from 0.18-a0-1611-g00361b8 to 0.18-a0-1624-g19ad93e
 23285 | Lair:8   | Noticed Maud
 23336 | Lair:8   | Killed Maud
 23441 | Lair:8   | Reached XP level 15. HP: 91/91 MP: 23/29
 24359 | D:13     | Reached skill level 1 in Summonings
 24559 | D:13     | Found a shattered altar of Ashenzari.
 24598 | D:13     | Noticed Snorg
 24609 | D:13     | Killed Snorg
 25015 | D:14     | Offered knowledge of Bolt of Cold by Vehumet.
 25089 | D:14     | Learned a level 2 spell: Blink
 25585 | D:14     | Found a gate to the Vaults.
 25622 | D:14     | Reached skill level 1 in Translocations
 25637 | D:14     | Reached ****** piety under Vehumet
 25874 | D:15     | Entered Level 15 of the Dungeon
 25943 | D:15     | Reached skill level 10 in Fighting
 26069 | D:15     | Found Masyqy's Antique Armour Boutique.
 26086 | D:15     | Bought a pair of embroidered boots for 117 gold pieces
 26086 | D:15     | Bought a pair of transparent gloves for 247 gold pieces
 26099 | D:15     | Identified the +0 pair of gloves of Subjectivity {rPois rF- Int+4} (You bought it in a shop on level 15 of the Dungeon)
 26180 | D:15     | Found Wiumm's Antique Weapon Shoppe.
 26234 | D:15     | Reached skill level 10 in Armour
 26461 | D:15     | Offered knowledge of Poison Arrow by Vehumet.
 26592 | D:15     | Found a staircase to the Depths.
 26925 | Orc:1    | Entered Level 1 of the Orcish Mines
 27001 | Orc:1    | Reached XP level 16. HP: 86/97 MP: 28/31
 27348 | Orc:2    | Entered Level 2 of the Orcish Mines
 27459 | Orc:2    | Found Barras's Food Boutique.
 27462 | Orc:2    | Found Zaamubil's Magic Scroll Shop.
 28556 | Orc:2    | Offered knowledge of Lehudib's Crystal Spear by Vehumet.
 28556 | Orc:2    | Offered knowledge of Glaciate by Vehumet.
 28556 | Orc:2    | Offered knowledge of Tornado by Vehumet.
 28592 | Orc:2    | Found Kogaaf's Antique Armour Shoppe.
 28592 | Orc:2    | Found a one-way gate leading to the halls of Pandemonium.
 28592 | Orc:2    | Found Naxki's Gadget Emporium.
 28601 | Orc:2    | Bought a crystal ball of energy for 240 gold pieces
 28603 | Orc:2    | Bought a runed leather armour for 60 gold pieces
 28603 | Orc:2    | Bought a pair of pitted gloves for 285 gold pieces
 28603 | Orc:2    | Identified the +0 pair of gloves of Slovenliness {MR- Str-3 Int+6 Slay+4} (You bought it in a shop on level 2 of the Orcish Mines)
 28678 | Orc:2    | Found Poedukh's General Store.
 28708 | Orc:2    | Found a staircase to the Elven Halls.
 29115 | Lair:1   | Learned a level 2 spell: Repel Missiles
 29201 | Swamp:1  | Entered Level 1 of the Swamp
 30002 | Swamp:2  | Noticed namelastname112's ghost (journeyman FeMo)
 30138 | Swamp:2  | Noticed iroha's ghost (journeyman DsFi)
 30160 | Swamp:2  | Killed iroha's ghost
 30249 | Swamp:2  | Noticed a thorn hunter
 30264 | Swamp:2  | Killed a thorn hunter
 30264 | Swamp:2  | Reached skill level 1 in Charms
 30558 | Swamp:2  | Noticed Roxanne
 30852 | Swamp:3  | Reached skill level 5 in Summonings
 31117 | Swamp:3  | Noticed a thorn hunter
 31137 | Swamp:3  | Killed a thorn hunter
 31274 | Swamp:3  | Reached XP level 17. HP: 103/103 MP: 19/32
 31519 | Swamp:4  | Entered Level 4 of the Swamp
 31545 | Swamp:4  | Noticed Louise
 31582 | Swamp:4  | Killed Louise
 31601 | Swamp:4  | Noticed Donald
 31637 | Swamp:4  | Killed Donald
 31640 | Swamp:4  | Got a brightly glowing shield
 31641 | Swamp:4  | Identified the +1 shield of Okawaru's Regard {rPois} (You took it off Donald on level 4 of the Swamp)
 31923 | Swamp:4  | Reached skill level 10 in Earth Magic
 32109 | Swamp:4  | Noticed the 27-headed Lernaean hydra
 32120 | Swamp:4  | Killed the 27-headed Lernaean hydra
 32214 | Swamp:4  | Got a decaying rune of Zot
 32491 | Swamp:4  | HP: 4/104 [very large slime creature (46)]
 32513 | Swamp:4  | Mangled by a slime creature

Vault maps used:
D:1:      kilobyte_arrival_exit_the_forest, minmay_misc_feat_nine_boxes,
          minmay_cut_off
D:2:      nemelex_deck, uniq_sigmund, uniq_robin
D:3:      lemuel_castle_with_subvaults, lemuel_coloured_pillars_altar,
          nicolae_overflow_crystal_walls, nicolae_qazlal_eye_of_the_storm
D:4:      nicolae_ru_path_of_blood, first_bread
D:5:      nicolae_overflow_hidden_temple, minmay_temple_entry_nine_rooms
D:6:      kennysheep_opposing_triangles, uniq_menkaure, uniq_blork_the_orc
D:7:      lemuel_round_altar, trog_eyes_of_draining, uniq_prince_ribbit1,
          uniq_pikel, uniq_crazy_yiuf_cottage
D:8:      lemuel_ice_statue, gammafunk_temple_overflow_statue,
          gammafunk_temple_overflow_elements, serial_shops,
          kennysheep_mini_moat, kennysheep_little_box, shop,
          nicolae_shop_window_shopping, nicolae_shop_behind_doors,
          grunt_pizzeria
D:9:      lemuel_doored_altar
D:11:     minmay_four_partial_circles, lair_0_dummy,
          minmay_orc_entry_guard_dogs, serial_shops, nicolae_shop_trees,
          lightli_orcish_oven, uniq_grum
D:12:     uniq_maurice
D:13:     evilmike_ruin_ashenzari, uniq_snorg
D:14:     lightli_vaults_fourway_checkpoint, kennysheep_doodads
D:15:     hangedman_depths_entry_civil_slaughter, serial_shops,
          nicolae_shop_statue_plus, shop
Temple:   nicolae_temple_great_sept
Lair:1:   roderic_batcave, lemuel_fruit_fields
Lair:3:   beast_lair_carwin_large_1
Lair:4:   nicolae_swamp_entry_splash_gauntlet, uniq_rupert
Lair:6:   nicolae_spider_entry_tight_spaces, serial_bayou_shore_a,
          infiniplex_staircase_pool
Lair:7:   slime_altar_2, uniq_nessos
Lair:8:   minmay_lair_end_frog_pond, serial_bayou_crossing, uniq_maud
Swamp:1:  evilmike_swamp_ruin_house_2, infiniplex_staircase_pool_2
Swamp:2:  evilmike_swamp_ruin_house_1, swamp_pool1, uniq_roxanne
Swamp:3:  nicolae_swamp_trees_clearing
Swamp:4:  swamp_basic_johnstein, uniq_louise, uniq_donald
Orc:2:    pf_orc_diabolical, serial_shops, shop_fountains

Skill      XL: |  1  2  3  4  5  6  7  8  9 10 11 12 13 14 15 16 17 |
---------------+----------------------------------------------------+-----
Fighting       | 1 2 4 5 6 7 8 9 10 | 10.8
Conjurations   | 2 3 5 6 7 9 10 11 12 | 12.7
Spellcasting   | 3 4 5 6 7 8 9 10 11 12 | 12.0
Dodging        | 2 3 4 5 6 7 8 9 |  9.0
Fire Magic     | 4 5 6 8 9 10 11 | 11.6
Armour         | 2 3 4 5 6 7 8 9 10 11 | 11.0
Stealth        | 3 4 |  4.0
Evocations     | 1 2 4 5 6 7 8 |  8.0
Staves         | 1 2 4 5 6 7 |  7.8
Earth Magic    | 1 4 6 7 8 9 10 | 10.1
Summonings     | 3 5 6 |  6.0
Translocations | 1 3 |  3.8
Charms         | 1 2 |  2.9

Action                   |  1- 3 |  4- 6 |  7- 9 | 10-12 | 13-15 | 16-18 || total
-------------------------+-------+-------+-------+-------+-------+-------++-------
Melee: Short sword       |     8 |    55 |   105 |       |       |       ||   168
       Dagger            |       |       |    77 |   404 |       |       ||   481
       Staff             |       |       |       |   429 |  1217 |   885 ||  2531
 Cast: Flame Tongue      |    62 |   133 |   374 |   311 |    41 |    56 ||   977
       Throw Flame       |       |     3 |       |     6 |       |       ||     9
       Sticky Flame      |       |     1 |     9 |    72 |   227 |    99 ||   408
       Searing Ray       |       |       |       |     9 |       |       ||     9
       Bolt of Magma     |       |       |       |    17 |    66 |   114 ||   197
       Mephitic Cloud    |       |       |       |     7 |     8 |     4 ||    19
       Ignite Poison     |       |       |       |     1 |     4 |     5 ||    10
       Delayed Fireball  |       |       |       |     1 |     2 |     2 ||     5
       Irradiate         |       |       |       |       |     6 |     3 ||     9
       Blink             |       |       |       |       |       |    12 ||    12
       Repel Missiles    |       |       |       |       |       |     1 ||     1
 Abil: Release Delayed F |       |       |       |       |     2 |     3 ||     5
       Fly               |       |       |       |       |     1 |     1 ||     2
Evoke: Wand              |       |       |     1 |       |     1 |       ||     2
       Phantom mirror    |       |       |       |       |       |     1 ||     1
  Use: Scroll            |     3 |     4 |     7 |    14 |    10 |     6 ||    44
       Potion            |       |     3 |     3 |     7 |     2 |     4 ||    19
 Stab: Sleeping          |       |       |     1 |     9 |     6 |     4 ||    20
       Distracted        |       |       |       |     1 |       |     1 ||     2
  Eat: Chunk             |     4 |     7 |    17 |    39 |    36 |    16 ||   119
       Fruit             |       |       |       |     1 |       |     3 ||     4
       Pizza             |       |       |       |       |     3 |     1 ||     4
       Beef jerky        |       |       |       |       |     1 |     1 ||     2
       Bread ration      |       |       |       |       |       |     1 ||     1
